 Dungeon Crawl Stone Soup version 0.27-a0-1434-g6f15984924 (webtiles) character file.

Game seed: 1200737824422374840

6 Araneus the Skirmisher (level 1, 0/18 HPs)
             Began as a Demonspawn Fighter on July 3, 2021.
             Slain by a kobold (1 damage)
             ... on level 1 of the Dungeon.
             The game lasted 00:00:28 (314 turns).

Araneus the Skirmisher (Demonspawn Fighter)          Turns: 314, Time: 00:00:28

Health: 0/18       AC:  6    Str: 16    XL:     1   Next: 75%
Magic:  1/1        EV:  6    Int:  9    God:
Gold:   12         SH:  8    Dex: 12    Spells: 0/0 levels left

rFire    . . .     SeeInvis .   a - +0 flail
rCold    . . .     Faith    .   c - +0 kite shield
rNeg     . . .     Spirit   .   b - +0 scale mail
rPois    .         Reflect  .   (no helmet)
rElec    .         Harm     .   (no cloak)
rCorr    .         Rampage  .   (no gloves)
Will     .....                  (no boots)
Stlth    ..........             (no amulet)
HPRegen  0.06/turn              (no ring)
MPRegen  0.07/turn              (no ring)

@: lethally poisoned (0 -> -8)
A: no striking features
a: no special abilities


You were on level 1 of the Dungeon.
You visited 1 branch of the dungeon, and saw 1 of its levels.

You collected 12 gold pieces.

Inventory:

Hand Weapons
 a - a +0 flail (weapon)
Armour
 b - a +0 scale mail (worn)
 c - a +0 kite shield (worn)
Scrolls
 e - a scroll of immolation {unknown}
Potions
 d - a potion of might


   Skills:
 - Level 3.0 Fighting
 + Level 2.3 Maces & Flails
 - Level 2.6 Armour
 - Level 2.6 Shields


You couldn't memorise any spells.
You didn't know any spells.
Your spell library was empty.

Dungeon Overview and Level Annotations

Branches:
Dungeon (1/15)

Altars:


Message History

The endoplasm freezes you.
You are frozen.
You hit the endoplasm.
The endoplasm is almost dead.
The endoplasm hits you. You block the endoplasm's attack.
You sock the endoplasm!
You kill the endoplasm!
No target in view!
Found a stone staircase leading down.
e - a scroll labelled ESO CAEPREG You now have 12 gold pieces.
A kobold comes into view.
It is wielding a +0 short sword of venom.
A giant cockroach comes into view.
You block the kobold's attack.
You closely miss the kobold. The kobold hits you but does no damage.
You are poisoned.
The kobold completely misses you. You block the giant cockroach's attack.
You completely miss the kobold.
You feel sick.
The giant cockroach bites you but does no damage.
You block the kobold's attack. The giant cockroach barely misses you.
You closely miss the kobold.
You feel sick. You block the kobold's attack.
You block the giant cockroach's attack. The kobold hits you but does no damage.
You are more poisoned.
You closely miss the kobold.
You feel sick. The giant cockroach barely misses you.
You block the kobold's attack.
The giant cockroach bites you but does no damage.
You closely miss the kobold.
You feel sick. The giant cockroach bites you. You block the kobold's attack.
The giant cockroach closely misses you. The kobold hits you but does no damage.
You are lethally poisoned!
You are too injured to fight recklessly!
You are too injured to fight recklessly!
You are too injured to fight recklessly!
You feel very sick.
* * * LOW HITPOINT WARNING * * *
You feel very sick.
* * * LOW HITPOINT WARNING * * *
You feel sick.
The kobold hits you with a +0 short sword of venom.
You die...

.. ... #.### #... .
#####..# .. ...#..#
#.. ##....# ..
#...#K##.##.# #.#
#....B@.....# #..
#...######### #.#
#.###...# ##.#####.#
#...# ......##.# #...#
##.##.##.# #...#######
[........# #.........#
.........###...#####.>
##†#.................#


You could see a giant cockroach and a kobold.

Vanquished Creatures
  2 endoplasms (D:1)
  A giant cockroach (D:1)
  A hobgoblin (D:1)
  A bat (D:1)
5 creatures vanquished.

Notes
Turn   | Place    | Note
-------+----------+-------------------------------------------
     0 | D:1      | Araneus the Demonspawn Fighter began the quest for the Orb.
     0 | D:1      | Reached XP level 1. HP: 18/18 MP: 1/1
   314 | D:1      | Slain by a kobold

Illustrated notes

Levels and vault maps discovered:
D:1:      lemuel_arrival_funnel, layout_loops_cross,
          shapermc_ecumenical_altar_mp_urbaneastern, serial_shops,
          nicolae_shop_window_shopping

Skill      XL: |  1 |
---------------+----+-----
Maces & Flails | 2 |  2.3
Fighting       | |  3.0
Armour         | |  2.6
Shields        | |  2.6

Action                   || total
-------------------------++-------
Melee: Flail             ||    19
Armor: Scale mail        ||    15
Dodge: Dodged            ||     6
Block: Kite shield       ||    16

Table legend: (Time is in decaauts)
 A = Elapsed time spent in this place.
 B = Non-inter-level travel time spent in this place.
 C = Inter-level travel time spent in this place.
 D = Time resting spent in this place.
 E = Time spent auto-exploring this place.
 F = Levels seen in this place.
 G = Mean time per level.
                   A        B        C        D        E       F      G
               +--------+--------+--------+--------+--------+-----+--------+
         Total |    324 |    324 |      0 |    148 |    129 |   1 |  324.0 |
       Dungeon |    324 |    324 |      0 |    148 |    129 |   1 |  324.0 |
               +--------+--------+--------+--------+--------+-----+--------+

Top non-repeatable levels by time:
     D:1: 324 daAuts
